 Dungeon Crawl Stone Soup version 0.20.1-1-g8b1a95d (webtiles) character file.

3544 kae the Martial Artist (level 9, -12/75 HPs)
             Began as a Demonspawn Gladiator on Sept 15, 2017.
             Was an Initiate of Ru.
             Mangled by a two-headed ogre
             ... wielding a +0 giant club
              (16 damage)
             ... on level 8 of the Dungeon.
             The game lasted 00:11:48 (8021 turns).

kae the Martial Artist (Demonspawn Gladiator)       Turns: 8021, Time: 00:11:49

Health: -12/75     AC:  8    Str: 23    XL:     9   Next: 82%
Magic:  9/9        EV: 13    Int: 10    God:    Ru [......]
Gold:   370        SH:  0    Dex: 17    Spells: 8/8 levels left

rFire    . . .     SeeInvis +     - Unarmed
rCold    . . .     Gourm    .   (no shield)
rNeg     . . .     Faith    .   F - +3 leather armour of Hulir {Str+3}
rPois    +         Spirit   .   b - +0 helmet
rElec    .         Reflect  .   h - +0 cloak
rCorr    .         Harm     .   (no gloves)
MR       .....                  (no boots)
Stlth    ..........             B - amulet of magic regeneration
Regen    0.3/turn               t - ring of poison resistance
MPRegen  0.2/turn               E - ring "Guscher" {+Fly SInv}

@: mighty
A: powered by death 2, powered by pain 2, no stealth
a: Renounce Religion, Evoke Flight


You were on level 8 of the Dungeon.
You worshipped Ru.
Ru was noncommittal.
You were hungry.

You visited 2 branches of the dungeon, and saw 9 of its levels.

You collected 370 gold pieces.

Inventory:

Armour
 a - a +0 leather armour
 b - a +0 helmet (worn)
 h - a +0 cloak (worn)
 F - the +3 leather armour of Hulir (worn) {Str+3}
   (You found it on level 8 of the Dungeon)

   It affects your strength (+3).
Jewellery
 s - an uncursed ring of magical power
 t - a ring of poison resistance (left hand)
 w - an uncursed ring of magical power
 B - an amulet of magic regeneration (around neck)
 E - the ring "Guscher" (right hand) {+Fly SInv}
   (You found it on level 7 of the Dungeon)

   [ring of flight]

   It lets you see invisible.
   It lets you fly.
Wands
 e - a wand of scattershot (2/9)
 D - a wand of random effects (23/48)
Scrolls
 f - a scroll of fog
 j - 2 scrolls of noise
 k - 3 scrolls of amnesia
 p - a scroll of teleportation
 q - 3 scrolls of remove curse
 C - a scroll of enchant weapon
Potions
 g - 2 potions of haste
 l - 3 potions of flight
 m - a potion of resistance
 n - 3 potions of heal wounds
 r - 5 potions of curing
 u - a potion of mutation
 x - a potion of degeneration
 A - a potion of might
Books
 y - a book of Conjurations

   Spells                             Type                      Level
   a - Magic Dart                     Conjuration                  1
   b - Searing Ray                    Conjuration                  2
   c - Dazzling Spray                 Conjuration/Hexes            3
   d - Fulminant Prism                Conjuration/Hexes            4
   e - Force Lance                    Conjuration/Translocation    4
   f - Iskenderun's Mystic Blast      Conjuration                  4
Comestibles
 d - 2 bread rations
 o - 9 meat rations


   Skills:
 + Level 8.4 Fighting
 - Level 1.7 Throwing
 - Level 2.6 Dodging
 * Level 10.8 Unarmed Combat


You had 8 spell levels left.
You didn't know any spells.

Dungeon Overview and Level Annotations

Branches:
Dungeon (8/15)             Temple (1/1) D:6
   Lair: D:8-11

Altars:
Ashenzari
Cheibriados
Dithmenos
Elyvilon
Fedhas
Gozag
Hepliaklqana
Kikubaaqudgha
Makhleb
Nemelex Xobeh
Okawaru
Qazlal
Ru
Sif Muna
Trog
Uskayaw
Vehumet
Xom
Yredelemnul
Zin
The Shining One

Shops:
D:4 [

Annotations:
D:8 exclusion: oklob sapling


Innate Abilities, Weirdness & Mutations

You regenerate health from kills.
You sometimes gain power by taking damage.
You cannot be stealthy.


Message History

The two-headed ogre is almost dead.
The killer bee buzzes angrily.
The two-headed ogre closely misses you. x2
The spriggan baker hits you with a dagger!
* * * LOW HITPOINT WARNING * * *
You barely miss the two-headed ogre.
The two-headed ogre is almost dead.
The spriggan baker barely misses you.
The two-headed ogre hits you but does no damage. x2
You barely miss the two-headed ogre.
The two-headed ogre is almost dead.
The spriggan baker hits you but does no damage.
Okay, then.
Okay, then.
Okay, then.
Okay, then.
The two-headed ogre hits you with a giant club!!
* * * LOW HITPOINT WARNING * * *
The two-headed ogre hits you with a giant club!
You die...

#.# ≈≈≈ #.# ≈≈ #.#
P♣♣♣♣♣♣≈♣ #.#
♣♣♣♣....≈≈≈♣ #.#
#P......≈≈.# #####.#
##.........#
#.....####.........#
####...#.##.o..O.....y.
##....#......##@iy....#.
##..#.....#..##..........
#.##.###.#.##............
.##.♣.###.♣.##..........#
####.#[###.####.........
#.#.#.#.#.###.#.........
.⌠.###.♣.###.8.#........
#.#.#.#.###.#.#.......#.
####.###.#.####.....####


You could see a two-headed ogre, a spriggan baker, 2 killer bees and an orc.

Vanquished Creatures
  The ghost of Ratty the Zephyrmancer, a novice OpAE (D:8)
  Joseph (D:7)
  A hippogriff (D:7)
  Prince Ribbit (D:6)
  2 hungry ghosts
  Duvessa (D:7)
  A black bear (D:5)
  2 orc warriors
  4 ogres
  3 centaurs
  Blork the orc (D:6)
  Dowan (D:7)
  A scorpion (D:4)
  A howler monkey (D:6)
  3 crimson imps
  3 bullfrog zombies
  A jelly (D:7)
  4 orc priests
  4 hounds
  An iguana (D:6)
  5 orc wizards
  2 worker ants
  2 howler monkey zombies
  4 adders
  2 oozes
  5 worms
  4 dart slugs
  3 leopard geckos
  28 orcs
  A ball python (D:1)
  3 bats
  6 giant cockroaches
  6 hobgoblins
  24 jackals
  3 quokkas
  4 frilled lizards
  9 goblins
  14 kobolds
  A leopard gecko skeleton (D:3)
  A leopard gecko zombie (D:6)
  3 rats
167 creatures vanquished.

Vanquished Creatures (others)
  An orc wizard (D:8)
1 creature vanquished.

Grand Total: 168 creatures vanquished

Notes
Turn   | Place    | Note
-------+----------+-------------------------------------------
     0 | D:1      | kae the Demonspawn Gladiator began the quest for the Orb.
     0 | D:1      | Reached XP level 1. HP: 16/16 MP: 1/1
   173 | D:1      | Reached skill level 3 in Unarmed Combat
   299 | D:1      | Gained mutation: You regenerate a little health from kills. [demonic ancestry]
   299 | D:1      | Reached XP level 2. HP: 22/23 MP: 2/2
   843 | D:1      | Reached XP level 3. HP: 28/28 MP: 3/3
  1620 | D:2      | Reached XP level 4. HP: 35/35 MP: 4/4
  1656 | D:2      | Found a white marble altar of Elyvilon.
  1782 | D:2      | Reached skill level 4 in Unarmed Combat
  2210 | D:3      | Reached XP level 5. HP: 17/41 MP: 5/5
  2665 | D:3      | Reached skill level 5 in Unarmed Combat
  3043 | D:4      | Gained mutation: You sometimes gain a little power by taking damage. [demonic ancestry]
  3043 | D:4      | Reached XP level 6. HP: 31/48 MP: 6/6
  3335 | D:4      | Found Xiesu's Armour Shop.
  3342 | D:4      | Found an opulent altar of Gozag.
  3645 | D:5      | Entered Level 5 of the Dungeon
  3695 | D:5      | Reached skill level 6 in Unarmed Combat
  3740 | D:5      | Gained mutation: You regenerate health from kills. [demonic ancestry]
  3740 | D:5      | Reached XP level 7. HP: 43/55 MP: 7/7
  4007 | D:5      | Reached skill level 5 in Fighting
  4261 | D:5      | Reached skill level 7 in Unarmed Combat
  4690 | D:6      | Noticed Blork the orc
  4699 | D:6      | Killed Blork the orc
  4699 | D:6      | Gained mutation: You sometimes gain power by taking damage. [demonic ancestry]
  4699 | D:6      | Reached XP level 8. HP: 57/64 MP: 8/8
  4703 | D:6      | Found a staircase to the Ecumenical Temple.
  4713 | Temple   | Entered the Ecumenical Temple
  4987 | Temple   | Became a worshipper of Ru the Awakened
  5216 | D:6      | Reached skill level 8 in Unarmed Combat
  5615 | D:7      | Noticed Joseph
  5838 | D:7      | Noticed Duvessa
  5838 | D:7      | Noticed Dowan
  5858 | D:7      | Noticed Prince Ribbit
  5880 | D:6      | Killed Prince Ribbit
  6112 | D:7      | Reached skill level 9 in Unarmed Combat
  6268 | D:7      | Killed Joseph
  6268 | D:7      | Reached XP level 9. HP: 72/72 MP: 9/9
  6409 | D:7      | Killed Duvessa
  6425 | D:7      | Killed Dowan
  6617 | D:7      | Gained mutation: You cannot be stealthy. [Ru sacrifice]
  6661 | D:7      | Got a coiled iron ring
  7208 | D:7      | Reached skill level 10 in Unarmed Combat
  7446 | D:8      | Noticed Ratty's ghost (novice OpAE)
  7447 | D:8      | Got a steaming leather armour
  7654 | D:7      | Identified the +3 leather armour of Hulir {Str+3} (You found it on level 8 of the Dungeon)
  7655 | D:7      | Identified the ring "Guscher" {+Fly SInv} (You found it on level 7 of the Dungeon)
  7678 | D:8      | Killed Ratty's ghost
  8010 | D:8      | Noticed a two-headed ogre
  8021 | D:8      | Mangled by a two-headed ogre

Skill      XL: |  1  2  3  4  5  6  7  8  9 |
---------------+----------------------------+-----
Unarmed Combat | 3 4 5 6 7 9 10 | 10.8
Fighting       | 3 4 5 7 8 |  8.4
Throwing       | |  1.7
Dodging        | |  2.6

Action                   |  1- 3 |  4- 6 |  7- 9 || total
-------------------------+-------+-------+-------++-------
Melee: Unarmed           |   159 |   294 |   354 ||   807
       Punch             |     1 |     7 |    11 ||    19
Throw: Throwing net      |     1 |     1 |     2 ||     4
Invok: Sacrifice Stealth |       |       |     1 ||     1
Evoke: Wand              |       |       |     1 ||     1
  Use: Potion            |       |     1 |     2 ||     3
       Scroll            |       |    13 |     4 ||    17
 Stab: Held in net/web   |     1 |       |       ||     1
       Sleeping          |       |     2 |       ||     2
       Distracted        |       |       |     1 ||     1
  Eat: Chunk             |     2 |     8 |    11 ||    21
       Bread ration      |       |       |     1 ||     1
Armor: Leather armour    |    42 |    67 |    80 ||   189
       Skin              |       |       |    22 ||    22
Dodge: Dodged            |   113 |   175 |   200 ||   488
